 Dungeon Crawl Stone Soup version 0.16.2-12-gd0ad4c3 (webtiles) character file.

4402 Goblin1989 the Basher (level 10, -29/85 HPs)
             Began as a Deep Dwarf Fighter on July 4, 2016.
             Was a Follower of Makhleb.
             Killed from afar by Fannar (34 damage)
             ... with a bolt of cold
             ... on level 1 of the Lair of Beasts on July 5, 2016.
             The game lasted 00:19:23 (8196 turns).

Goblin1989 the Basher (Deep Dwarf Fighter)          Turns: 8196, Time: 00:19:23

Health: -29/85     AC:  9    Str: 24      XL:     10   Next: 13%
Magic:  15/15      EV:  5    Int:  8      God:    Makhleb [*.....]
Gold:   449        SH:  9    Dex: 11 (12) Spells: 1 memorised, 5 levels left

rFire  . . .     SeeInvis .     a - +0 flail
rCold  . . .     Clarity  .     m - +0 chain mail
rNeg   . . .     SustAb   .     c - +0 shield
rPois  .         Gourm    .     (no helmet)
rElec  .         Spirit   .     (no cloak)
rCorr  .         Warding  .     (no gloves)
rMut   .         Stasis   .     (no boots)
MR     +....                    (no amulet)
Stlth  ..........               (no ring)
                                (no ring)

@: non-regenerating, somewhat resistant to hostile enchantments, extremely
unstealthy
A: damage resistance, recharge devices, sense surroundings 2, slow healing 3
a: Device Recharging, Renounce Religion


You were on level 1 of the Lair of Beasts.
You worshipped Makhleb.
Makhleb was aware of your devotion.
You were not hungry.

You visited 3 branches of the dungeon, and saw 11 of its levels.

You collected 449 gold pieces.

Inventory:

Hand weapons
 a - a +0 flail (weapon)
Armour
 b - a +0 scale mail
 c - a +0 shield (worn)
 m - a +0 chain mail (worn)
Magical devices
 d - a wand of heal wounds (3)
 B - a wand of polymorph (0)
 H - a wand of enslavement (5)
 J - a wand of polymorph (15)
Scrolls
 i - 3 scrolls of recharging {unknown}
 j - 9 scrolls of identify {unknown}
 k - 7 scrolls of remove curse {unknown}
 l - 7 scrolls of teleportation {unknown}
 o - a scroll of fog {unknown}
 v - 2 scrolls of enchant weapon {unknown}
 x - a scroll of immolation {unknown}
 y - a scroll of fear {unknown}
 z - a scroll of amnesia {unknown}
 C - 2 scrolls of blinking {unknown}
 E - a scroll of magic mapping {unknown}
 F - a scroll of acquirement {unknown}
 K - a scroll of holy word {unknown}
Potions
 e - a potion of might
 g - a potion of mutation {unknown}
 h - a potion of heal wounds {unknown}
 p - a potion of agility {unknown}
 q - a potion of brilliance {unknown}
 r - 4 potions of curing {unknown}
 s - 3 potions of flight {unknown}
 t - 3 potions of restore abilities {unknown}
 u - 2 potions of haste {unknown}
 w - 2 potions of resistance {unknown}
 A - a potion of ambrosia {unknown}
 D - a potion of invisibility {unknown}
 M - a potion of lignification {unknown}
Miscellaneous
 G - a sack of spiders
Comestibles
 f - 6 bread rations
 n - a meat ration
 I - a beef jerky
 L - 3 fruits
 N - a slice of pizza


   Skills:
 + Level 3.7 Fighting
 * Level 11.7 Maces & Flails
 + Level 4.5 Armour
 - Level 3.2 Shields
 + Level 11.1 Evocations


You had 5 spell levels left.
You knew the following spells:

 Your Spells              Type           Power        Failure   Level  Hunger
a - Control Teleport      Chrm/Tloc      #.........   100%        4    #####..


Dungeon Overview and Level Annotations

Branches:
Dungeon (9/15)             Temple (1/1) D:7            Lair (1/8) D:9
    Orc: D:9-12

Altars:
Ashenzari
Cheibriados
Dithmenos
Elyvilon
Fedhas
Gozag
Kikubaaqudgha
Makhleb
Nemelex Xobeh
Okawaru
Qazlal
Ru
Sif Muna
Trog
Xom
Yredelemnul
The Shining One

Shops:
D:4 [

Annotations:
Lair:1 Fannar


Innate Abilities, Weirdness & Mutations

You are resistant to damage.
You can recharge devices by infusing magical energy.
You passively map the area around you.
You do not heal naturally.


Message History

You are too injured to fight recklessly!
You hit Fannar but do no damage.
Fannar is moderately wounded.
Fannar hits you but does no damage. Fannar blocks your attack.
Fannar is moderately wounded.
Fannar hits you but does no damage.
You barely miss Fannar.
Fannar is moderately wounded.
You sock Fannar!
Fannar is heavily wounded.
Fannar barely misses you. Fannar blocks your attack.
Fannar is heavily wounded.
Fannar casts a spell.
You barely miss Fannar.
Fannar is heavily wounded.
Fannar gestures at you while chanting. The bolt of cold hits you!
You die...

#..###.# * *
* ##.....# *
#####.# ##.#
#..# ##.# #.#
## * **
#.###.##.####
, *,
#...@e.......
, ,,
#####Y.......
,, ....... ,
....... ,
....... , ,,
......, ,,
....., ....
*# * ,* , ,


You could see Fannar and an ice beast.

Vanquished Creatures
  A two-headed ogre (D:9)
  A hungry ghost (D:8)
  2 yaks (Lair:1)
  A hippogriff (D:8)
  A porcupine (D:6)
  2 sky beasts
  A black bear (D:9)
  3 centaurs
  An orc warrior (D:6)
  4 ogres
  A wasp (D:7)
  3 phantoms
  A big kobold (D:7)
  5 giant frogs
  2 scorpions
  A wyvern skeleton (D:9)
  8 killer bees (D:8)
  5 crimson imps
  5 hounds
  A quasit (D:8)
  4 goliath beetles
  A centaur zombie (D:9)
  2 jellies (D:6)
  2 orc priests (D:6)
  3 orc wizards
  Natasha (thrice) (D:6)
  4 iguanas
  9 worker ants
  3 hound skeletons
  A hound zombie (D:8)
  A worker ant zombie (D:7)
  8 adders
  2 giant mites (D:3)
  2 shadow imps
  2 worms
  A white imp (D:6)
  An adder zombie (D:7)
  4 giant geckos
  11 orcs
  10 bats
  A bat skeleton (D:7)
  7 giant cockroaches
  10 hobgoblins
  9 jackals
  16 kobolds
  4 quokkas
  2 ball pythons
  A giant gecko skeleton (D:4)
  5 giant newts
  12 goblins
  3 quokka skeletons (D:4)
  16 rats
209 creatures vanquished.

Vanquished Creatures (others)
  An orc wizard (D:6)
  An adder (D:7)
  A shadow imp (D:7)
3 creatures vanquished.

Grand Total: 212 creatures vanquished

Notes
Turn   | Place    | Note
--------------------------------------------------------------
     0 | D:1      | Goblin1989, the Deep Dwarf Fighter, began the quest for the Orb.
     0 | D:1      | Reached XP level 1. HP: 20/20 MP: 1/1
   401 | D:1      | Reached XP level 2. HP: 24/27 MP: 2/2
  1213 | D:2      | Reached skill level 1 in Evocations
  1224 | D:2      | Reached XP level 3. HP: 23/33 MP: 3/3
  2161 | D:3      | Reached XP level 4. HP: 35/40 MP: 5/5
  2193 | D:3      | Reached skill level 4 in Maces & Flails
  2948 | D:4      | Reached skill level 5 in Maces & Flails
  2948 | D:4      | Reached XP level 5. HP: 25/46 MP: 8/8
  3199 | D:4      | Noticed an ogre
  3204 | D:4      | Killed an ogre
  3204 | D:4      | Reached XP level 6. HP: 45/55 MP: 10/10
  3221 | D:4      | Found Klata's Armour Shop.
  3482 | D:4      | Noticed an ogre
  3487 | D:4      | Killed an ogre
  3487 | D:4      | Reached skill level 6 in Maces & Flails
  3487 | D:4      | Reached skill level 5 in Evocations
  3802 | D:5      | Entered Level 5 of the Dungeon
  3830 | D:5      | Reached XP level 7. HP: 26/61 MP: 13/13
  3968 | D:5      | Reached skill level 7 in Maces & Flails
  4266 | D:5      | Found a shadowy altar of Dithmenos.
  4799 | D:6      | Reached skill level 8 in Maces & Flails
  4799 | D:6      | Reached XP level 8. HP: 44/68 MP: 15/15
  4983 | D:6      | Noticed Natasha
  4990 | D:6      | Killed Natasha
  5020 | D:6      | Found a glowing golden altar of the Shining One.
  5125 | D:6      | Reached skill level 9 in Maces & Flails
  5424 | D:6      | Noticed Natasha
  5435 | D:6      | Killed Natasha
  5455 | D:6      | Noticed Natasha
  5464 | D:6      | Killed Natasha
  5699 | D:7      | Paralysed by a wasp for 1 turns
  5704 | D:7      | Paralysed by a wasp for 1 turns
  5777 | D:7      | Gained mutation: You passively map the area around you. [level up]
  5777 | D:7      | Reached XP level 9. HP: 59/74 MP: 15/15
  5899 | D:7      | Found a basalt altar of Yredelemnul.
  5926 | D:7      | Reached skill level 10 in Maces & Flails
  6147 | D:7      | Found a staircase to the Ecumenical Temple.
  6158 | Temple   | Entered the Ecumenical Temple
  6357 | Temple   | Became a worshipper of Makhleb the Destroyer
  6664 | D:8      | Reached skill level 10 in Evocations
  6782 | D:8      | Reached skill level 11 in Maces & Flails
  6793 | D:8      | Learned a level 4 spell: Control Teleport
  6952 | D:8      | Acquired Makhleb's first power
  7349 | D:9      | Found a staircase to the Lair.
  7797 | D:9      | Reached XP level 10. HP: 46/84 MP: 17/17
  7903 | D:9      | Found a sacrificial altar of Ru.
  7903 | D:9      | Found a snail-covered altar of Cheibriados.
  8079 | Lair:1   | Entered Level 1 of the Lair of Beasts
  8172 | Lair:1   | Noticed Fannar
  8196 | Lair:1   | Killed from afar by Fannar

Action                   |  1- 3 |  4- 6 |  7- 9 | 10-12 || total
-------------------------+-------+-------+-------+-------++-------
Melee: Flail             |   152 |   148 |   700 |    51 ||  1051
       Unarmed           |       |       |     3 |       ||     3
 Abil: Device Recharging |       |       |     6 |     2 ||     8
Evoke: Wand              |     1 |     2 |    26 |     5 ||    34
  Use: Potion            |       |       |     2 |       ||     2
  Eat: Chunk             |     1 |     3 |     3 |     2 ||     9
       Bread ration      |     1 |       |     2 |       ||     3
       Meat ration       |       |       |     2 |       ||     2
